 Dungeon Crawl Stone Soup version 0.19-a0 (webtiles) character file.

343 warlockg3 the Ducker (level 6, -4/47 HPs)
             Began as a Draconian Fire Elementalist on Apr 28, 2016.
             Killed from afar by an orc wizard (7 damage)
             ... with a puff of flame
             ... on level 4 of the Dungeon.
             The game lasted 00:20:40 (4555 turns).

warlockg3 the Ducker (Draconian Fire Elementalist)  Turns: 4555, Time: 00:20:41

Health: -4/47      AC:  7    Str: 10    XL:     6   Next: 31%
Magic:  8/9        EV: 16    Int: 18    God:
Gold:   127        SH:  0    Dex: 11    Spells: 3 memorised, 2 levels left

rFire  . . .     SeeInvis .     f - +0 quarterstaff
rCold  . . .     Gourm    .     (armour unavailable)
rNeg   . . .     Faith    .     (shield currently unavailable)
rPois  .         Spirit   .     (helmet restricted)
rElec  .         Dismiss  .     h - +0 cloak
rCorr  .         Reflect  .     (no gloves)
SustAt .         Harm     .     (no boots)
MR     .....                    (no amulet)
Stlth  ++........               q - +3 ring of evasion
                                g - ring of wizardry

@: flying, not resistant to hostile enchantments, unstealthy
A: unfitting armour, cold-blooded, AC +6
a: no special abilities


You were on level 4 of the Dungeon.
You were not hungry.

You visited 1 branch of the dungeon, and saw 4 of its levels.

You collected 127 gold pieces.

Inventory:

Hand Weapons
 c - a +2 short sword of speed
 f - a +0 quarterstaff (weapon)
 l - a +0 spear
Armour
 h - a +0 cloak (worn)
Jewellery
 b - an uncursed ring of flight
 g - a ring of wizardry (left hand)
 p - a -4 ring of protection
 q - a +3 ring of evasion (right hand)
 s - an uncursed ring of protection from cold
Scrolls
 e - a scroll of remove curse
 j - a scroll of noise
 k - a scroll of fear
 t - a scroll of enchant armour {unknown}
Books
 a - a book of Flames

   Spells                             Type                      Level
   a - Flame Tongue                   Conjuration/Fire             1
   b - Throw Flame                    Conjuration/Fire             2
   c - Conjure Flame                  Conjuration/Fire             3
   d - Inner Flame                    Hexes/Fire                   3
   e - Sticky Flame                   Conjuration/Fire             4
   f - Fireball                       Conjuration/Fire             5
Comestibles
 d - 5 meat rations
 i - a royal jelly
 m - a beef jerky
 n - a chunk of flesh
 r - 2 bread rations


   Skills:
 + Level 1.0 Fighting
 + Level 0.6(1.1) Polearms
 + Level 1.3(1.4) Staves
 + Level 4.5 Dodging
 + Level 2.5 Stealth
 + Level 0.6 Unarmed Combat
 + Level 2.1 Spellcasting
 + Level 2.0 Conjurations
 + Level 3.7 Fire Magic


You had 2 spell levels left.
You knew the following spells:

 Your Spells              Type           Power        Failure   Level  Hunger
a - Flame Tongue          Conj/Fire      ##...        3%          1    #......
b - Throw Flame           Conj/Fire      ##....       4%          2    ###....
c - Sticky Flame          Conj/Fire      ##......     34%         4    #####..


Dungeon Overview and Level Annotations

Branches:
Dungeon (4/15)             Temple (0/1) D:4

Altars:
Ashenzari
Sif Muna
Trog
The Shining One


Innate Abilities, Weirdness & Mutations

Your plain brown scales are hard (AC +6).
Your body does not fit into most forms of armour.
You are cold-blooded and may be slowed by cold attacks.


Message History

You sock something! Something hits you but does no damage.
Something barely misses you.
You hit something.
You hear some strange, mumbled words.
A magic dart appears from out of thin air!
The magic dart hits you!
* * * LOW HITPOINT WARNING * * *
You barely miss something.
Your tail-slap misses something.
You hear some strange, mumbled words.
A puff of flame appears from out of thin air!
The puff of flame hits you!
* * * LOW HITPOINT WARNING * * *
You barely miss something. Something hits you but does no damage.
You hit something but do no damage.
Something hits you but does no damage. x2
You barely miss something. Something hits you but does no damage.
You barely miss something.
You hear some strange, mumbled words.
A puff of flame appears from out of thin air!
The puff of flame hits you!
You die...

##......#####.....##
#..
#.......##....#####
#.. >..........####
#.. .####...#####
#.. #..........# #..
...####...#.# ##. .#
#.#...a# ##
#.##..... .. #@#
#..#. ..# #)# ....
.. #Z# #.. #.# #.
... ... ... .....


You could see a giant gecko skeleton.

Vanquished Creatures
  A hound (D:4)
  2 orc priests
  Ijyb (D:3)
  An orc wizard (D:3)
  2 worker ants
  Robin (D:1)
  4 adders
  An ooze (D:2)
  2 worms
  3 dart slugs
  A giant gecko (D:2)
  7 orcs
  11 bats
  4 giant cockroaches
  14 hobgoblins
  7 kobolds
  2 quokkas
  2 ball pythons
  2 giant newts
  15 goblins
  7 rats
90 creatures vanquished.

Vanquished Creatures (others)
  4 toadstools (D:1)
4 creatures vanquished.

Grand Total: 94 creatures vanquished

Notes
Turn   | Place    | Note
--------------------------------------------------------------
     0 | D:1      | warlockg3 the Draconian Fire Elementalist began the quest for the Orb.
     0 | D:1      | Reached XP level 1. HP: 14/14 MP: 3/3
   550 | D:1      | Reached XP level 2. HP: 10/20 MP: 5/5
   718 | D:1      | Reached skill level 2 in Dodging
   823 | D:1      | Learned a level 2 spell: Throw Flame
  1324 | D:1      | Reached XP level 3. HP: 27/27 MP: 6/6
  1602 | D:2      | Found a bloodstained altar of Trog.
  1705 | D:2      | Noticed Robin
  1732 | D:2      | Reached XP level 4. HP: 20/34 MP: 7/7
  2060 | D:1      | Killed Robin
  2060 | D:1      | Reached skill level 3 in Dodging
  2398 | D:2      | Learned a level 4 spell: Sticky Flame
  2585 | D:2      | Found a deep blue altar of Sif Muna.
  2703 | D:3      | HP: 1/34 [orc priest/hand axe (5)]
  2704 | D:3      | Reached XP level 5. HP: 1/39 MP: 5/8
  3140 | D:3      | Noticed Ijyb
  3150 | D:3      | Killed Ijyb
  3381 | D:3      | Reached skill level 1 in Fighting
  3395 | D:3      | HP: 2/40 [poisoned by a worker ant]
  3803 | D:3      | Reached skill level 1 in Staves
  3894 | D:3      | Reached skill level 4 in Dodging
  3968 | D:3      | Found a shattered altar of Ashenzari.
  3968 | D:3      | Found a glowing golden altar of the Shining One.
  4385 | D:4      | Found a staircase to the Ecumenical Temple.
  4414 | D:4      | Reached XP level 6. HP: 47/47 MP: 4/9
  4555 | D:4      | Killed from afar by an orc wizard

Vault maps used:
D:1:      ldierk_walled_garden_2
D:2:      lightli_temple_of_fire, lemuel_blue_sif_altar, uniq_robin
D:3:      gammafunk_temple_overflow_statue, first_bread, uniq_iyjb
D:4:      minmay_temple_entry_trees, gup_sewer_entry_glass

Skill      XL: |  1  2  3  4  5 |
---------------+----------------+-----
Dodging        | 2 3 4 |  4.5
Stealth        | 2 |  2.5
Fighting       | 1 |  1.0
Staves         | 1 |  1.3
Conjurations   | 2 |  2.0
Polearms       | |  0.6
Unarmed Combat | |  0.6
Spellcasting   | |  2.1
Fire Magic     | |  3.7

Action                   |  1- 3 |  4- 6 || total
-------------------------+-------+-------++-------
Melee: Unarmed           |   183 |       ||   183
       Tailslap          |    20 |    17 ||    37
       Spear             |    22 |    45 ||    67
       Quarterstaff      |       |   152 ||   152
 Cast: Flame Tongue      |    20 |    16 ||    36
       Throw Flame       |     2 |     4 ||     6
       Sticky Flame      |       |     2 ||     2
  Use: Scroll            |     2 |     7 ||     9
       Potion            |     2 |     1 ||     3
 Stab: Sleeping          |     3 |     2 ||     5
  Eat: Chunk             |     1 |     4 ||     5
       Bread ration      |     1 |     1 ||     2
Armor: Skin              |    87 |   113 ||   200
Dodge: Dodged            |   165 |   222 ||   387
